 Dungeon Crawl Stone Soup version 0.27.0-1-g7a089689b8 (webtiles) character file.

Game seed: 1433717870757330860

114 Sobieck the Ruffian (level 4, 0/38 HPs)
             Began as a Ghoul Monk on Aug 4, 2021.
             Was an Initiate of Gozag.
             Slain by a gnoll (1 damage)
             ... on level 3 of the Dungeon.
             The game lasted 00:03:18 (2672 turns).

Sobieck the Ruffian (Ghoul Monk)                    Turns: 2672, Time: 00:03:19

Health: 0/38       AC:  7    Str: 15    XL:     4   Next: 97%
Magic:  3/3        EV:  9    Int:  5    God:    Gozag
Gold:   79         SH:  0    Dex: 11    Spells: 3/3 levels left

rFire    . . .     SeeInvis .     - Unarmed
rCold    + . .     Faith    .   (no shield)
rNeg     + + +     Spirit   .   k - +0 scale mail
rPois    ∞         Reflect  .   (no helmet)
rElec    .         Harm     .   (no cloak)
rCorr    .         Rampage  .   (no gloves)
Will     .....                  m - +0 pair of boots
Stlth    ..........             h - amulet of magic regeneration {@e2}
HPRegen  0.00/turn              (no ring)
MPRegen  0.33/turn              (no ring)

@: gold aura, inhibited regen
A: claws 1, cold resistance 1, negative energy resistance 3, inhibited
regeneration, torment resistance 2
a: Renounce Religion, Potion Petition, Call Merchant, Bribe Branch


You were on level 3 of the Dungeon.
You worshipped Gozag.
Gozag was noncommittal.
You visited 1 branch of the dungeon, and saw 3 of its levels.

You collected 79 gold pieces.


Innate Abilities, Weirdness & Mutations

You thrive by killing the living.
You are immune to poison.
You have sharp fingernails.
Your flesh is cold resistant. (rC+)
You are immune to negative energy. (rN+++)
You do not regenerate when monsters are visible.
You are immune to unholy pain and torment.


   Skills:
 - Level 3.2 Fighting
 - Level 2.6 Dodging
 - Level 2.1 Stealth
 + Level 6.0 Unarmed Combat


You had 3 spell levels left.
You didn't know any spells.
Your spell library contained the following spells:

 Spells                   Type           Power      Damage    Failure   Level
 Animate Skeleton         Necr           0%         N/A       92%         1
 Pain                     Necr           0%         1d4       92%         1
 Vampiric Draining        Necr           0%         2d6       100%        3

Inventory:

Missiles
 c - 53 arrows
 j - 21 stones (quivered) {throwing}
 l - 29 bolts
Armour
 k - a +0 scale mail (worn)
   (You found it on level 1 of the Dungeon)
 m - a +0 pair of boots (worn)
   (You found it on level 2 of the Dungeon)
Jewellery
 e - a ring of ice
   (You found it on level 1 of the Dungeon)
 h - an amulet of magic regeneration (around neck) {@e2}
   (You found it on level 1 of the Dungeon)
Scrolls
 d - a scroll of holy word {unknown}
 f - a scroll of acquirement {unknown}
 i - 2 scrolls of noise {unknown}
Potions
 a - a potion of might {unknown}
 b - a potion of curing {unknown}
 g - a potion of haste {unknown}
 n - 2 potions of lignification {unknown}

Dungeon Overview and Level Annotations

Branches:
Dungeon (3/15)

Altars:
Gozag
Nemelex Xobeh

....... #.........##.#
##.....###............#
........##............#
........##.........._.#
........##............#
........###.####.#...##
..g.g.g..##.# #.#####
...g...#.##$# #.#
##.....#..#@####.#
#.....##gg..#...#
#..... #.g..#.###
.....?.
##.....###########
.......
#...............#
....)..
##.#............#
#..............#
#..............#
#..............#


You could see 3 gnolls.


Message History

An adder comes into view.
Danger!
You barely miss the adder. The adder bites you but does no damage.
You scratch the adder. The adder closely misses you.
You barely miss the adder. Your claw misses the adder.
The adder bites you but does no damage.
Your scale mail prevents you from hitting the adder.
The adder bites you but does no damage. The adder barely misses you.
You claw the adder!
You kill the adder!
No target in view!
No target in view!
i - 2 scrolls labelled IQEQEH ECZAUSK (gained 1)
A giant cockroach comes into view.
Found 12 gold pieces.
Found an opulent altar of Gozag.
Danger!
A giant cockroach is nearby!
Unknown command.
The giant cockroach bites you but does no damage.
The giant cockroach barely misses you.
You barely miss the giant cockroach.
The giant cockroach completely misses you.
You barely miss the giant cockroach. The giant cockroach bites you.
You claw the giant cockroach!
You kill the giant cockroach!
No target in view!
You now have 58 gold pieces (gained 2).
You now have 59 gold pieces (gained 1).
You now have 61 gold pieces (gained 2).
You now have 63 gold pieces (gained 2).
You now have 65 gold pieces (gained 2).
You now have 66 gold pieces (gained 1).
You now have 67 gold pieces (gained 1).
You now have 69 gold pieces (gained 2).
There is an opulent altar of Gozag here.
You kneel at the altar of Gozag.
Gozag welcomes you!
Gozag waives the service fee.
Unknown command.
Press < or > to pray at altars.
c - 53 arrows (gained 15)
You now have 76 gold pieces (gained 7).
Found a stone staircase leading down.
l - 29 bolts (gained 21)
A rat comes into view.
Danger!
The rat bites you but does no damage.
You barely miss the rat. The rat bites you but does no damage.
You claw the rat!
You kill the rat!
No target in view!
No target in view!
You now have 79 gold pieces (gained 3).
There is a stone staircase leading down here.
A gnoll comes into view. It is wielding a +0 club.
The gnoll shouts!
A gnoll comes into view. It is wielding a +0 spear. x2
The gnoll moves out of view.
Danger!
A bat and a gnoll come into view.
The gnoll shouts! x2
The bat closely misses you.
Unknown command.
The bat hits you but does no damage. The bat hits you but does no damage. x2
The bat closely misses you. The bat hits you but does no damage.
You closely miss the bat. The bat closely misses you.
You scratch the bat.
You kill the bat!
You see here 7 gold pieces.
You barely miss the gnoll. The gnoll hits you but does no damage.
You scratch the gnoll. The gnoll barely misses you.
The gnoll hits you from afar with a +0 spear.
You claw the gnoll!
You kill the gnoll!
The gnoll hits you from afar with a +0 spear.
Your Unarmed Combat skill increases to level 6!
The gnoll hits you with a +0 spear.
The gnoll hits you from afar with a +0 halberd.
* * * LOW HITPOINT WARNING * * *
Things that are here:
6 gold pieces; a +0 club {mace} Unknown command.
You scratch the gnoll. The gnoll hits you with a +0 spear.
* * * LOW HITPOINT WARNING * * *
The gnoll completely misses you.
You claw the gnoll!
The gnoll hits you from afar with a +0 halberd!
* * * LOW HITPOINT WARNING * * *
The gnoll hits you with a +0 spear.
* * * LOW HITPOINT WARNING * * *
The gnoll hits you from afar with a +0 spear!
* * * LOW HITPOINT WARNING * * *
Unknown command.
Unknown command.
You barely miss the gnoll. The gnoll barely misses you.
The gnoll hits you with a +0 spear.
You die...
Your body crumbles into a pile of gold.

Skill      XL: |  1  2  3  4 |
---------------+-------------+-----
Unarmed Combat | 4 5 6 |  6.0
Fighting       | |  3.2
Dodging        | |  2.6
Stealth        | |  2.1

Action                   |  1- 3 |  4- 6 || total
-------------------------+-------+-------++-------
Melee: Unarmed           |    95 |    25 ||   120
       Punch             |     1 |       ||     1
 Stab: Sleeping          |     4 |       ||     4
Armor: Robe              |     7 |       ||     7
       Scale mail        |    19 |    14 ||    33
Dodge: Dodged            |    49 |    12 ||    61

Levels and vault maps discovered:
D:1:      dpeg_arrival_short_road, layout_basic
D:2:      layout_loops_corners, basic_altar,
          hellmonk_ecumenical_altar_crossroads
D:3:      layout_basic, lemuel_crystal_altar, nicolae_gozag_seed_capital

Notes
Turn   | Place    | Note
-------+----------+-------------------------------------------
     0 | D:1      | Sobieck the Ghoul Monk began the quest for the Orb.
     0 | D:1      | Reached XP level 1. HP: 19/19 MP: 0/0
   202 | D:1      | You fall into a shaft and drop 1 floor!
   204 | D:2      | Found a faded altar of an unknown god.
   298 | D:1      | Reached XP level 2. HP: 26/26 MP: 1/1
   331 | D:1      | Reached skill level 4 in Unarmed Combat
  1206 | D:2      | Found a sparkling altar of Nemelex Xobeh.
  1429 | D:2      | Reached XP level 3. HP: 25/31 MP: 2/2
  1973 | D:2      | HP: 5/31 [water moccasin skeleton (4)]
  1978 | D:2      | HP: 2/31 [water moccasin skeleton (1)]
  1980 | D:2      | Reached skill level 5 in Unarmed Combat
  1980 | D:2      | Reached XP level 4. HP: 3/38 MP: 3/3
  2432 | D:3      | You pick up a book of Necromancy and begin reading...
  2432 | D:3      | You add the spells Pain, Animate Skeleton and Vampiric
                  | Draining to your library.
  2550 | D:3      | Found an opulent altar of Gozag.
  2573 | D:3      | Became a worshipper of Gozag Ym Sagoz the Greedy
  2669 | D:3      | Reached skill level 6 in Unarmed Combat
  2671 | D:3      | HP: 9/38 [gnoll (9)]
  2671 | D:3      | HP: 1/38 [gnoll (7)]
  2672 | D:3      | Slain by a gnoll

Vanquished Creatures
  A water moccasin skeleton (D:2)
  A gnoll (D:3)
  2 adders
  A worm (D:2)
  A dart slug (D:3)
  2 endoplasms (D:1)
  2 giant cockroaches
  3 goblins
  A hobgoblin (D:1)
  A kobold (D:2)
  3 quokkas
  5 ball pythons
  5 bats
  3 frilled lizards
  5 rats
36 creatures vanquished.

Table legend:
 A = Non-vault XP
 B = Vault XP
 C = Vault XP percentage of total XP
 D = Non-vault monster count
 E = Vault monster count
 F = Vault count percentage of total count
                 A         B        C        D         E       F
            +---------+---------+-------+---------+---------+-------
      Total |     163 |       0 |   0.0 |      36 |       0 |   0.0
            +---------+---------+-------+---------+---------+-------
        D:1 |      22 |       0 |   0.0 |      13 |       0 |   0.0
        D:2 |     104 |       0 |   0.0 |      16 |       0 |   0.0
        D:3 |      37 |       0 |   0.0 |       7 |       0 |   0.0
            +---------+---------+-------+---------+---------+-------

Illustrated notes

Table legend:
 A = Kills in this place as a percentage of kills in entire the game.
 B = Kills by you in this place as a percentage of kills by you in the entire game.
 C = Kills by friends in this place as a percentage of kills by friends in the entire game.
 D = Other kills in this place as a percentage of other kills in the entire game.
 E = Experience gained in this place as a percentage of experience gained in the entire game.
 F = Experience gained in this place divided by the number of levels of this place that you have seen.
                   A       B       C       D       E      F
               +-------+-------+-------+-------+-------+----------------------
         Total | 100.0 | 100.0 |   N/A |   N/A | 100.0 |  54.3
       Dungeon | 100.0 | 100.0 |   N/A |   N/A | 100.0 |  54.3
               +-------+-------+-------+-------+-------+----------------------

Table legend: (Time is in decaauts)
 A = Elapsed time spent in this place.
 B = Non-inter-level travel time spent in this place.
 C = Inter-level travel time spent in this place.
 D = Time resting spent in this place.
 E = Time spent auto-exploring this place.
 F = Levels seen in this place.
 G = Mean time per level.
                   A        B        C        D        E       F      G
               +--------+--------+--------+--------+--------+-----+--------+
         Total |   2663 |   2496 |    167 |    551 |   1642 |   3 |  887.7 |
       Dungeon |   2663 |   2496 |    167 |    551 |   1642 |   3 |  887.7 |
               +--------+--------+--------+--------+--------+-----+--------+

Top non-repeatable levels by time:
     D:2: 1430 daAuts
     D:1: 958 daAuts
     D:3: 275 daAuts
